 Dungeon Crawl Stone Soup version 0.30-a0-219-gf2db51d15e (webtiles) character file.

Game seed: 14787555763746301584

1050 Decritt the Sneak (level 8, 40/40 HPs)
             Began as a Spriggan Warper on Oct 7, 2022.
             Was an Initiate of Nemelex Xobeh.
             Quit the game on level 6 of the Dungeon.
             The game lasted 00:27:27 (6549 turns).

Decritt the Sneak (Spriggan Warper)                 Turns: 6549, Time: 00:27:27

Health: 40/40      AC:  7    Str:  7    XL:     8   Next: 5%
Magic:  14/14      EV: 20    Int: 15    God:    Nemelex Xobeh [......]
Gold:   210        SH:  5    Dex: 16    Spells: 12/14 levels left

rFire   . . .      SeeInvis +    a - +1 short sword
rCold   . . .      Faith    .    (no shield)
rNeg    . . .      Spirit   .    b - +0 robe
rPois   .          Reflect  +    j - +2 hat
rElec   .          Harm     .    i - +2 cloak
rCorr   .          Rampage  .    (gloves unavailable)
Will    +....                    (boots unavailable)
Stlth   ++++......               l - amulet of reflection
HPRegen 0.26/turn                (no ring)
MPRegen 0.14/turn                (no ring)

@: very quick
A: very small, no large weapons, unfitting armour, see invisible, speed 3
a: Renounce Religion, Draw Escape, Draw Destruction, Draw Summoning


You were on level 6 of the Dungeon.
You worshipped Nemelex Xobeh.
Nemelex Xobeh was noncommittal.
You visited 2 branches of the dungeon, and saw 7 of its levels.
You also visited: Sewer.

You collected 210 gold pieces.

Inventory:

Hand Weapons
 a - a +1 short sword (weapon)
Missiles
 q - 8 poisoned darts (quivered)
Armour
 b - a +0 robe (worn)
 i - a +2 cloak (worn)
 j - a +2 hat (worn)
Jewellery
 l - an amulet of reflection (around neck)
 z - a ring of magical power
Wands
 y - a wand of roots (11)
 C - a wand of polymorph (1)
Scrolls
 c - a scroll of blinking
 d - 5 scrolls of teleportation
 h - 5 scrolls of immolation
 m - a scroll of magic mapping
 t - 2 scrolls of enchant weapon
 u - a scroll of poison
 w - a scroll of enchant armour
 A - a scroll of fear
Potions
 e - a potion of haste
 f - 3 potions of mutation
 g - 2 potions of might
 k - a potion of magic
 n - a potion of heal wounds {unknown}
 o - a potion of flight {unknown}
 p - a potion of resistance {unknown}
 s - a potion of cancellation {unknown}
 v - a potion of lignification {unknown}
 x - a potion of brilliance {unknown}


   Skills:
 + Level 3.5 Fighting
 + Level 4.7 Short Blades
 - Level 1.0 Throwing
 + Level 6.1 Dodging
 + Level 7.9 Stealth
 - Level 3.5 Spellcasting
 - Level 5.2 Translocations
 + Level 0.0 Invocations
 + Level 2.6 Evocations


You had 12 spell levels left.
You knew the following spells:

 Your Spells              Type           Power      Damage    Failure   Level
a - Blink                 Tloc           36%        N/A       3%          2

Your spell library contained the following spells:

 Spells                   Type           Power      Damage    Failure   Level
 Lesser Beckoning         Tloc           36%        N/A       6%          3
 Teleport Other           Tloc           18%        N/A       6%          3
 Vhi's Electric Charge    Tloc/Air       20%        N/A       19%         3
 Manifold Assault         Tloc           18%        N/A       22%         4
 Sublimation of Blood     Necr           2%         N/A       28%         2
 Wereblood                Tmut           2%         N/A       28%         2
 Ignite Poison            Fire/Tmut/Pois 2%         N/A       50%         3
 Sticky Flame             Conj/Fire      2%         2d3       88%         4
 Summon Hydra             Summ           1%         N/A       100%        7
 Ignition                 Fire           1%         3d3       100%        8


Dungeon Overview and Level Annotations

Branches:
Dungeon (6/15)             Temple (1/1) D:4           Sewer (visited)

Altars:
Elyvilon
Gozag
Hepliaklqana
Kikubaaqudgha
Makhleb
Nemelex Xobeh
Okawaru
Qazlal
Ru
Sif Muna
Trog
Uskayaw
Vehumet
Xom
The Shining One

Annotations:
D:1 Terence
D:2 Sigmund
D:3 Grinder


Innate Abilities, Weirdness & Mutations

You are very small and have problems with some larger weapons.
You are too small for most types of armour.
You have supernaturally acute eyesight. (SInv)
You cover ground extremely quickly. (Speed+++)


Message History

The necrophage is moderately damaged.
You hit the necrophage.
The necrophage is moderately damaged.
The necrophage closely misses you.
You hit the necrophage.
The necrophage is heavily damaged.
You block the necrophage's attack.
You hit the necrophage.
The necrophage is heavily damaged.
The necrophage completely misses you.
You hit the necrophage. Your punch misses the necrophage.
The necrophage is severely damaged.
The necrophage barely misses you.
You hit the necrophage.
The necrophage is severely damaged.
You barely miss the necrophage.
The necrophage is severely damaged.
The necrophage closely misses you.
You hit the necrophage.
The necrophage is severely damaged.
The necrophage misses you.
You hit the necrophage.
The necrophage is almost destroyed.
The necrophage completely misses you.
You hit the necrophage but do no damage.
The necrophage is almost destroyed.
You hit the necrophage.
The necrophage is almost destroyed.
The necrophage hits you but does no damage.
You hit the necrophage.
The necrophage is almost destroyed.
You block the necrophage's attack.
You hit the necrophage.
You destroy the necrophage!
You have reached level 8!
q - 8 poisoned darts (gained 1) That deck is empty!
Okay, then.
Found a stone staircase leading down.
Are you sure you want to abandon this character and quit the game? (Confirm with "yes".)

#...........).....#..#
#.###.#....######...#
#.#.##.# #..##
#.#.##.# #.## #.#.##.#
##.# #.#.##.# ##..#
#.#.##.####...#
#...........#......
.######@.####### #.##
..# .### .. .# ># #.


There were no monsters in sight!

Vanquished Creatures
  A steam dragon (D:5)
  Duvessa (D:4)
  An ogre (D:5)
  A necrophage (D:6)
  2 scorpions
  Dowan (D:4)
  A crimson imp (D:4)
  3 hounds
  2 orc priests
  2 iguanas
  A mummy (D:5)
  A gnoll (D:5)
  3 river rats
  7 adders
  A worm (D:4)
  7 dart slugs
  9 orcs
  13 ball pythons
  3 bats
  19 endoplasms
  5 giant cockroaches
  8 hobgoblins
  8 jackals
  4 kobolds
  A quokka (D:1)
  7 frilled lizards
  4 goblins
  2 goblin skeletons (D:4)
  2 goblin zombies (D:4)
  4 hobgoblin zombies
  2 kobold skeletons (D:4)
  2 kobold zombies
  2 orc skeletons (D:4)
  2 orc zombies (D:4)
  11 rats
143 creatures vanquished.

Vanquished Creatures (others)
  8 withered plants (D:3)
8 creatures vanquished.

Grand Total: 151 creatures vanquished

Notes
Turn   | Place    | Note
-------+----------+-------------------------------------------
     0 | D:1      | Decritt the Spriggan Warper began the quest for the Orb.
     0 | D:1      | Reached XP level 1. HP: 10/10 MP: 5/5
    46 | D:1      | Reached skill level 1 in Stealth
   193 | D:1      | Reached XP level 2. HP: 15/15 MP: 6/6
   218 | D:1      | Found a faded altar of an unknown god.
   324 | D:1      | Reached skill level 2 in Stealth
   957 | D:1      | Learned a level 2 spell: Blink
  1153 | D:2      | Reached XP level 3. HP: 18/18 MP: 8/8
  1210 | D:2      | Reached skill level 3 in Stealth
  1310 | D:2      | Noticed Terence
  1873 | D:2      | Noticed Sigmund
  2002 | D:3      | Noticed Grinder
  2019 | D:3      | Reached skill level 5 in Translocations
  2019 | D:3      | Reached XP level 4. HP: 13/23 MP: 9/9
  2270 | D:3      | Reached skill level 4 in Stealth
  2276 | D:3      | Found an ancient bone altar of Kikubaaqudgha.
  2529 | D:3      | Noticed a scorpion
  2548 | D:3      | Killed a scorpion
  2549 | D:3      | Reached XP level 5. HP: 26/26 MP: 9/11
  2792 | D:4      | Found a glowing golden altar of the Shining One.
  2837 | D:4      | Found a glowing drain.
  2852 | D:4      | Reached skill level 5 in Stealth
  2953 | Sewer    | Entered a sewer
  3386 | Sewer    | Reached XP level 6. HP: 15/31 MP: 12/12
  3716 | Sewer    | Found a shimmering altar of Xom.
  3985 | D:4      | Noticed Dowan
  3986 | D:4      | Noticed Duvessa
  4053 | D:4      | Killed Duvessa
  4054 | D:4      | Reached skill level 6 in Stealth
  4076 | D:4      | Killed Dowan
  4077 | D:4      | Reached skill level 5 in Dodging
  4262 | D:4      | Reached XP level 7. HP: 33/35 MP: 13/13
  5145 | D:4      | Reached skill level 7 in Stealth
  5261 | D:4      | Found a staircase to the Ecumenical Temple.
  5280 | Temple   | Entered the Ecumenical Temple
  5334 | Temple   | Became a worshipper of Nemelex Xobeh the Trickster
  5506 | D:5      | Entered Level 5 of the Dungeon
  5634 | D:5      | a swamp drake changed into a steam dragon
  5634 | D:5      | Noticed a steam dragon
  5640 | D:5      | Killed a steam dragon
  5641 | D:5      | Reached skill level 1 in Evocations
  6079 | D:5      | Noticed a yak
  6082 | D:5      | Noticed a yak
  6401 | D:6      | Found a shimmering blue altar of Sif Muna.
  6544 | D:6      | Reached XP level 8. HP: 40/40 MP: 14/14
  6549 | D:6      | Quit the game

Illustrated notes

Levels and vault maps discovered:
D:1:      wander_arrival_abandoned_jail, layout_basic,
          hellmonk_ecumenical_altar_blasted, minmay_misc_feat_room
D:2:      layout_basic, chequers_serial_rivers_small_3, hex_intersection,
          minmay_tetromino_t4, uniq_terence, uniq_sigmund
D:3:      layout_rooms, kiku_gazebo_garden_becter, serial_glass,
          glass_columns_a, glass_columns_b, uniq_grinder
D:4:      kennysheep_slugbush, layout_basic, nicolae_tso_besieged_by_evil,
          temple_statues, portal_sewer_entry_b, uniq_duvessa
D:5:      layout_basic, minmay_mini_ossuary, uniq_blork_the_orc
D:6:      layout_basic, nicolae_sif_muna_little_library,
          mainiacjoe_overflow_surrounded_room
Temple:   nicolae_temple_ecumenical_triangle

Skill      XL: |  1  2  3  4  5  6  7 |
---------------+----------------------+-----
Stealth        | 1 2 3 4 5 6 7 |  7.9
Spellcasting   | 3 |  3.5
Fighting       | 2 3 |  3.5
Translocations | 5 |  5.2
Short Blades   | 3 4 |  4.7
Dodging        | 4 5 6 |  6.1
Evocations     | 2 |  2.6
Throwing       | |  1.0

Action                   |  1- 3 |  4- 6 |  7- 9 || total
-------------------------+-------+-------+-------++-------
Melee: Short sword       |   234 |   407 |   252 ||   893
       Punch             |     1 |     1 |     8 ||    10
Throw: Boomerang         |     7 |       |       ||     7
       Dart              |       |    18 |    41 ||    59
 Cast: Blink             |       |       |     1 ||     1
Evoke: Wand              |       |       |     8 ||     8
  Use: Scroll            |     6 |     6 |     4 ||    16
       Potion            |       |     3 |     1 ||     4
 Stab: Sleeping          |     5 |     2 |     5 ||    12
       Invisible         |       |       |     2 ||     2
Armor: Robe              |    32 |    43 |    17 ||    92
Dodge: Dodged            |   147 |   220 |   131 ||   498
Block: Other             |    41 |    72 |    43 ||   156
       Reflection        |       |     1 |       ||     1

Table legend: (Time is in decaauts)
 A = Elapsed time spent in this place.
 B = Non-inter-level travel time spent in this place.
 C = Inter-level travel time spent in this place.
 D = Time resting spent in this place.
 E = Time spent auto-exploring this place.
 F = Levels seen in this place.
 G = Mean time per level.
                   A        B        C        D        E       F      G
               +--------+--------+--------+--------+--------+-----+--------+
         Total |   4972 |   4905 |     67 |   1256 |   1572 |   8 |  621.5 |
       Dungeon |   4199 |   4137 |     62 |    903 |   1483 |   6 |  699.8 |
        Temple |     38 |     34 |      4 |      0 |     13 |   1 |   38.0 |
         Sewer |    734 |    734 |      0 |    353 |     76 |   1 |  734.0 |
               +--------+--------+--------+--------+--------+-----+--------+

Top non-repeatable levels by time:
     D:4: 1327 daAuts
     D:1: 882 daAuts
   Sewer: 734 daAuts
     D:3: 706 daAuts
     D:2: 591 daAuts
     D:5: 465 daAuts
     D:6: 226 daAuts
  Temple: 38 daAuts
